 Dungeon Crawl Stone Soup version 0.17-a0-2147-gfb20a63 (webtiles) character file.

8960 tp1 the Thaumaturge (level 11, -1/57 HPs)
             Began as a Deep Elf Conjurer on Oct 24, 2015.
             Was an Elder of Vehumet.
             Slain by an orc knight
             ... wielding a +0 great mace
              (16 damage)
             ... on level 4 of the Orcish Mines.
             The game lasted 02:23:09 (17870 turns).

tp1 the Thaumaturge (Deep Elf Conjurer)            Turns: 17870, Time: 02:23:09

Health: -1/57      AC:  7    Str:  5    XL:     11   Next: 16%
Magic:  32/37      EV: 12    Int: 24    God:    Vehumet [****..]
Gold:   1929       SH:  0    Dex: 15    Spells: 7 memorised, 8 levels left

rFire  + . .     SeeInvis .     x - +9 war axe of Dominance {drain, +Fly rF+ MP+9 Str-2}
rCold  . . .     Clarity  .     l - +2 robe {rN+}
rNeg   + . .     SustAt   .     (no shield)
rPois  .         Gourm    .     i - +1 helmet
rElec  .         Spirit   .     u - +0 cloak
rCorr  .         Warding  .     (no gloves)
rMut   .         Stasis   .     (no boots)
MR     +....                    j - amulet of regeneration
Stlth  ++........               g - +2 ring of strength
                                V - ring of wizardry

@: somewhat resistant to hostile enchantments, unstealthy
A: no striking features
a: Renounce Religion, Evoke Flight


You were on level 4 of the Orcish Mines.
You worshipped Vehumet.
Vehumet was greatly pleased with you.
You were hungry.

You visited 3 branches of the dungeon, and saw 14 of its levels.

You collected 1929 gold pieces.

Inventory:

Hand Weapons
 x - the +9 war axe of Dominance (weapon) {drain, +Fly rF+ MP+9 Str-2}
   (You found it on level 4 of the Dungeon)

   A truly terrible weapon, it drains the life of those it strikes.
   It affects your strength (-2).
   It protects you from fire.
   It affects your magic capacity (+9).
   It lets you fly.
Armour
 f - a -1 ring mail
 i - a +1 helmet (worn)
 l - a +2 robe of positive energy (worn)
 u - a +0 cloak (worn)
Jewellery
 c - an uncursed ring of ice
 d - an uncursed amulet of inaccuracy
 g - a +2 ring of strength (right hand)
 j - an amulet of regeneration (around neck)
 A - an uncursed ring of fire
 I - an uncursed ring of flight
 N - an uncursed ring of wizardry
 U - a +3 ring of strength
 V - a ring of wizardry (left hand)
Wands
 F - a wand of cold (5)
 P - a wand of magic darts (11)
 W - a wand of fire (6)
Scrolls
 e - a scroll of silence {unknown}
 h - a scroll of random uselessness
 r - 2 scrolls of amnesia
 v - 3 scrolls of enchant weapon
 y - a scroll of remove curse
 B - 2 scrolls of teleportation {unknown}
 D - 3 scrolls of recharging
 E - a scroll of acquirement {unknown}
 K - a scroll of noise {unknown}
 M - 2 scrolls of enchant armour {unknown}
 Q - a scroll of summoning {unknown}
 T - a scroll of immolation {unknown}
Potions
 m - a potion of brilliance
 o - a potion of mutation {unknown}
 p - a potion of lignification {unknown}
 q - 2 potions of poison
 s - 3 potions of flight
 z - 2 potions of haste
 H - a potion of berserk rage
 J - 2 potions of agility
 O - a potion of cancellation {unknown}
 X - a potion of beneficial mutation {unknown}
 Y - a potion of resistance {unknown}
Books
 b - a book of Conjurations

   Spells                             Type                      Level
   a - Magic Dart                     Conjuration                  1
   b - Searing Ray                    Conjuration                  2
   c - Dazzling Spray                 Conjuration/Hexes            3
   d - Fulminant Prism                Conjuration/Hexes            4
   e - Iskenderun's Mystic Blast      Conjuration                  4
   f - Iskenderun's Battlesphere      Conjuration/Charms           5
 C - a book of the Sky

   Spells                             Type                      Level
   a - Summon Lightning Spire         Summoning/Air                4
   b - Airstrike                      Air                          4
   c - Silence                        Hexes/Air                    5
   d - Deflect Missiles               Charms/Air                   6
   e - Conjure Ball Lightning         Conjuration/Air              6
   f - Tornado                        Air                          9
 G - a book of Air

   Spells                             Type                      Level
   a - Shock                          Conjuration/Air              1
   b - Swiftness                      Charms/Air                   2
   c - Repel Missiles                 Charms/Air                   2
   d - Static Discharge               Conjuration/Air              3
   e - Lightning Bolt                 Conjuration/Air              5
 S - a Fen Folio

   Spells                             Type                      Level
   a - Corpse Rot                     Necromancy                   2
   b - Stone Arrow                    Conjuration/Earth            3
   c - Leda's Liquefaction            Hexes/Earth                  4
   d - Summon Forest                  Summoning/Translocation      5
   e - Hydra Form                     Transmutation                6
   f - Summon Hydra                   Summoning                    7
Comestibles
 a - 2 chunks of flesh
 w - 7 bread rations
 L - 7 slices of pizza


   Skills:
 - Level 2.1 Fighting
 - Level 3.3 Armour
 - Level 8.0 Dodging
 - Level 2.4 Stealth
 - Level 11.0 Spellcasting
 - Level 10.0 Conjurations
 - Level 6.0 Charms
 + Level 1.4 Fire Magic
 - Level 9.0 Air Magic


You had 8 spell levels left.
You knew the following spells:

 Your Spells              Type           Power        Failure   Level  Hunger
a - Magic Dart            Conj           ####         1%          1    None
b - Searing Ray           Conj           ######       1%          2    None
c - Dazzling Spray        Conj/Hex       #####...     1%          3    None
d - Iskenderun's Battles  Conj/Chrm      ######..     1%          5    ####...
e - Airstrike             Air            ######....   1%          4    None
f - Deflect Missiles      Chrm/Air       #####.....   16%         6    #####..
g - Ignite Poison         Fire/Trmt/Pois ###.....     1%          3    None


Dungeon Overview and Level Annotations

Branches:
Dungeon (9/15)             Temple (1/1) D:6            Lair (0/8) D:9
    Orc (4/4) D:9             Elf (0/3) Orc:3

Altars:
Ashenzari
Cheibriados
Dithmenos
Elyvilon
Fedhas
Gozag
Kikubaaqudgha
Makhleb
Nemelex Xobeh
Okawaru
Qazlal
Ru
Sif Muna
Trog
Vehumet
Xom
Yredelemnul
Zin
The Shining One
Jiyva

Shops:
D:5 [   D:7 *   Orc:2 ![

Annotations:
D:8 exclusion: downstairs


Message History

The magic dart hits the orc knight.
The orc knight is almost dead.
Your battlesphere fires!
The barrage of energy hits the orc knight.
The orc knight is almost dead.
Your battlesphere expends the last of its energy and dissipates.
The orc knight hits you with a great mace!
* * * LOW HITPOINT WARNING * * *
The orc knight hits you with a great mace!
* * * LOW HITPOINT WARNING * * *
Casting: Magic Dart
Confirm with . or Enter, or press ? or * to list all spells.
Aiming: Searing Ray
Press: ? - help, Shift-Dir - straight line, f/p - orc knight
Aim: an orc knight, wielding a great mace and wearing a chain mail (almost dead)
The searing ray misses the orc knight.
There is a stone staircase leading up here.
You are feeling hungry.
The orc knight hits you with a great mace!
You die...

###.......[.##.....
#.....[.###......
##.....[.###......
#..........##.....
##.....)....######
#.#.........###
#.....###...#.#
#.##o....####...#
#..@...##......##
##......#.).)...#
##.#...#.)[)#.##
###........###
#.#......##
#..........#
#......รท..)#
#.......#.....#
.....#.........#


You could see an orc knight.

Vanquished Creatures
  An oklob plant (Orc:1)
  Psyche (D:8)
  A komodo dragon (D:9)
  A troll (Orc:2)
  The ghost of tp1 the Thaumaturge, a novice DECj of Vehumet (D:4)
  A two-headed ogre (Orc:4)
  Sigmund (D:2)
  3 steam dragons
  2 wraiths (D:9)
  The ghost of kal9871 the Ruffian, an amateur NaTm (D:3)
  A human (D:7)
  A hungry ghost (D:9)
  A hippogriff (D:7)
  5 wargs
  An ice beast (D:9)
  3 phantoms
  3 sky beasts
  A swamp drake (D:9)
  7 orc warriors
  2 necrophages (D:7)
  2 centaurs
  3 ogres
  8 giant frogs
  A big kobold (D:8)
  A scorpion (D:7)
  A water moccasin skeleton (D:6)
  3 killer bees (D:7)
  4 crimson imps
  2 jellies
  2 centaur zombies (D:5)
  4 hounds
  Crazy Yiuf (D:3)
  14 orc priests
  A giant frog zombie (D:5)
  Terence (D:2)
  Natasha (thrice) (D:3)
  12 orc wizards
  8 worker ants
  10 iguanas
  A statue (D:8)
  4 sheep (D:7)
  8 ogre zombies (D:9)
  A hound zombie (D:7)
  Robin (D:2)
  12 adders
  13 gnolls
  2 shadow imps
  4 oozes
  An adder skeleton (D:4)
  2 worms (D:2)
  114 orcs
  11 hobgoblins
  10 jackals
  19 kobolds
  6 quokkas
  21 bats
  9 giant cockroaches
  6 giant geckos
  A giant gecko skeleton (D:9)
  5 giant newts
  18 goblins
  A goblin skeleton (D:9)
  5 goblin zombies (D:9)
  2 hobgoblin skeletons (D:9)
  5 hobgoblin zombies (D:9)
  An orc skeleton (D:9)
  10 orc zombies (D:9)
  5 rats
417 creatures vanquished.

Notes
Turn   | Place    | Note
--------------------------------------------------------------
     0 | D:1      | tp1 the Deep Elf Conjurer began the quest for the Orb.
     0 | D:1      | Reached XP level 1. HP: 10/10 MP: 6/6
   383 | D:1      | Found a shattered altar of Ashenzari.
   426 | D:1      | Reached XP level 2. HP: 12/15 MP: 2/8
   431 | D:1      | Learned a level 2 spell: Searing Ray
  1130 | D:1      | Reached skill level 5 in Spellcasting
  1130 | D:1      | Reached XP level 3. HP: 19/19 MP: 0/11
  1770 | D:1      | Found a shattered altar of Ashenzari.
  2762 | D:2      | Reached XP level 4. HP: 22/24 MP: 1/13
  2858 | D:2      | Reached skill level 6 in Spellcasting
  2885 | D:2      | Noticed Robin
  2895 | D:2      | Killed Robin
  3080 | D:2      | Noticed Terence
  3092 | D:2      | Killed Terence
  3092 | D:2      | Reached skill level 7 in Spellcasting
  3290 | D:2      | Reached XP level 5. HP: 28/28 MP: 14/16
  3295 | D:2      | Learned a level 3 spell: Dazzling Spray
  3301 | D:2      | Learned a level 5 spell: Iskenderun's Battlesphere
  3465 | D:2      | Noticed Sigmund
  3495 | D:2      | Killed Sigmund
  3495 | D:2      | Reached XP level 6. HP: 6/32 MP: 6/18
  3783 | D:2      | Found a bloodstained altar of Trog.
  3784 | D:2      | Found a shimmering altar of Xom.
  3811 | D:2      | Found a deep blue altar of Sif Muna.
  4148 | D:2      | Found a bloodstained altar of Trog.
  4152 | D:2      | Found a shimmering altar of Xom.
  4169 | D:2      | Found a deep blue altar of Sif Muna.
  4792 | D:2      | Reached skill level 1 in Charms
  5060 | D:3      | Noticed kal9871's ghost (amateur NaTm)
  5078 | D:3      | Killed kal9871's ghost
  5078 | D:3      | Reached skill level 5 in Charms
  5315 | D:3      | Reached XP level 7. HP: 36/36 MP: 13/19
  5405 | D:3      | Noticed Natasha
  5412 | D:3      | Killed Natasha
  5449 | D:3      | Noticed Natasha
  5452 | D:3      | Killed Natasha
  5545 | D:3      | Noticed Natasha
  5545 | D:3      | Killed Natasha
  5564 | D:3      | Noticed Crazy Yiuf
  5585 | D:3      | Killed Crazy Yiuf
  5585 | D:3      | Reached skill level 1 in Fighting
  6611 | D:3      | Reached skill level 1 in Armour
  7137 | D:4      | Got a smoking war axe
  7138 | D:4      | Identified the +9 war axe of Dominance {drain, +Fly rF+ MP+9 Str-2} (You found it on level 4 of the Dungeon)
  7374 | D:4      | Noticed tp1's ghost (novice DECj)
  7377 | D:4      | Killed tp1's ghost
  7377 | D:4      | Reached XP level 8. HP: 44/44 MP: 20/20
  7904 | D:4      | Found a sacrificial altar of Ru.
  8424 | D:5      | Entered Level 5 of the Dungeon
  8520 | D:5      | Found a viscous altar of Jiyva.
  8621 | D:5      | Reached skill level 8 in Spellcasting
  8866 | D:5      | Reached skill level 9 in Spellcasting
  8948 | D:5      | Found Fasoen's Armour Shoppe.
  9174 | D:5      | Found a shadowy altar of Dithmenos.
  9187 | D:5      | Reached skill level 10 in Spellcasting
  9193 | D:5      | Learned a level 4 spell: Airstrike
  9413 | D:5      | Found a viscous altar of Jiyva.
  9496 | D:5      | Found Lohoje's Armour Shoppe.
  9557 | D:5      | Found a shadowy altar of Dithmenos.
  9653 | D:5      | Reached skill level 1 in Air Magic
 10087 | D:6      | Found a staircase to the Ecumenical Temple.
 10093 | D:6      | Reached XP level 9. HP: 48/48 MP: 1/25
 10109 | Temple   | Entered the Ecumenical Temple
 10505 | D:6      | Reached skill level 5 in Air Magic
 11108 | D:6      | Found a staircase to the Ecumenical Temple.
 12002 | D:7      | Reached skill level 11 in Spellcasting
 12144 | D:7      | Found Ublygieh's Assorted Antiques.
 12524 | D:7      | Reached skill level 5 in Dodging
 12753 | D:8      | Noticed Psyche
 12760 | D:8      | Killed Psyche
 12760 | D:8      | Reached XP level 10. HP: 53/53 MP: 27/27
 12797 | D:8      | Found a stormy altar of Qazlal.
 13053 | D:8      | Found a radiant altar of Vehumet.
 13064 | D:8      | Became a worshipper of Vehumet
 13305 | D:8      | Found a stormy altar of Qazlal.
 13498 | D:8      | Found a radiant altar of Vehumet.
 13685 | D:9      | Found a white marble altar of Elyvilon.
 13865 | D:9      | Found a staircase to the Lair.
 14008 | D:9      | Reached * piety under Vehumet
 14008 | D:9      | Offered knowledge of Sandblast by Vehumet.
 14276 | D:9      | Found a staircase to the Orcish Mines.
 14607 | D:9      | Reached ** piety under Vehumet
 14607 | D:9      | Offered knowledge of Sting by Vehumet.
 14830 | D:9      | Learned a level 6 spell: Deflect Missiles
 14930 | Orc:1    | Entered Level 1 of the Orcish Mines
 15413 | Orc:2    | Reached skill level 10 in Conjurations
 15442 | Orc:2    | Found Uwniak's Antique Armour Emporium.
 15579 | Orc:3    | Found a staircase to the Elven Halls.
 15782 | Orc:3    | Offered knowledge of Throw Frost by Vehumet.
 16223 | Orc:2    | Found Zoj Exoh's Distillery.
 16476 | Orc:1    | Reached *** piety under Vehumet
 16497 | Orc:1    | Offered knowledge of Ignite Poison by Vehumet.
 16505 | Orc:1    | Learned a level 3 spell: Ignite Poison
 16618 | Orc:1    | Noticed an oklob plant
 16659 | Orc:1    | Killed an oklob plant
 16779 | Orc:3    | Reached XP level 11. HP: 25/57 MP: 28/28
 17390 | Orc:4    | Entered Level 4 of the Orcish Mines
 17403 | Orc:4    | Reached **** piety under Vehumet
 17405 | Orc:4    | Offered knowledge of Force Lance by Vehumet.
 17715 | Orc:4    | Noticed an orc high priest
 17717 | Orc:4    | Noticed an orc warlord
 17734 | Orc:4    | Reached skill level 1 in Fire Magic
 17870 | Orc:4    | Slain by an orc knight

Vault maps used:
D:1:      dpeg_chamrin_arrival_tetris, nicolae_ashenzari_panopticon
D:2:      lemuel_round_altar, gammafunk_temple_overflow_statue, uniq_sigmund,
          uniq_terence, uniq_robin
D:3:      uniq_crazy_yiuf_cottage, uniq_natasha
D:4:      first_bread, nicolae_ru_the_path_less_chosen
D:5:      kennysheep_steamy, grunt_dithmenos_shadows, serial_shops,
          nicolae_shop_stone, roderic_roman_lattice, minmay_stone_trees_medium,
          jiyva_altar_1
D:6:      minmay_temple_entry_glass
D:7:      serial_shops, nicolae_shop_window_shopping, grunt_livestock
D:8:      vehumet_statue, basic_altar, uniq_psyche
D:9:      elyvilon_altar_4, erik_lair_dragon, zombieorc2_lemuel
Temple:   nicolae_temple_figure_eight
Orc:1:    roderic_batcave, mines3_lemuel
Orc:2:    serial_shops, nicolae_shop_waterfront, nicolae_shop_overgrown_old_shop
Orc:3:    nicolae_orc_pool_cavern
Orc:4:    grunt_orc_cross, serial_shops, nicolae_shop_crystal, basic_altar

Action                   |  1- 3 |  4- 6 |  7- 9 | 10-12 || total
-------------------------+-------+-------+-------+-------++-------
Melee: Short sword       |       |     3 |       |       ||     3
       Dagger            |       |     2 |     6 |       ||     8
       War axe           |       |       |     3 |     2 ||     5
 Cast: Magic Dart        |    60 |    95 |   199 |   278 ||   632
       Searing Ray       |     7 |    12 |    26 |    27 ||    72
       Iskenderun's Batt |       |       |    47 |    76 ||   123
       Airstrike         |       |       |     5 |       ||     5
       Dazzling Spray    |       |       |     2 |       ||     2
  Use: Potion            |       |     1 |       |     1 ||     2
       Scroll            |       |       |     4 |     8 ||    12
  Eat: Bread ration      |     1 |       |     1 |       ||     2
       Chunk             |       |     6 |    18 |    22 ||    46
       Beef jerky        |       |     1 |     2 |     2 ||     5
       Meat ration       |       |       |     2 |       ||     2
       Royal jelly       |       |       |       |     1 ||     1
       Pizza             |       |       |       |     1 ||     1
